 Dungeon Crawl Stone Soup version 0.29.1-13-g9f3cf754e1 (webtiles) character file.

Game seed: 9836967683842279472

13 GobsWane the Magician (level 2, 0/15 HPs)
             Began as a Deep Elf Hedge Wizard on Jan 29, 2023.
             Slain by a hobgoblin (3 damage)
             ... on level 1 of the Dungeon.
             The game lasted 00:03:56 (2743 turns).

GobsWane the Magician (Deep Elf Hedge Wizard)       Turns: 2743, Time: 00:03:57

Health: 0/15       AC:  2    Str:  7    XL:     2   Next: 24%
Magic:  7/10       EV: 12    Int: 18    God:
Gold:   28         SH:  0    Dex: 14    Spells: 10/11 levels left

rFire   . . .      SeeInvis .   a - +0 dagger
rCold   . . .      Faith    .   (no shield)
rNeg    . . .      Spirit   .   b - +0 robe
rPois   .          Reflect  .   c - +0 hat
rElec   .          Harm     .   (no cloak)
rCorr   .          Rampage  .   (no gloves)
Will    .....                   (no boots)
Stlth   ++........              (no amulet)
HPRegen 0.05/turn               (no ring)
MPRegen 0.12/turn               (no ring)

@: very slightly contaminated
A: no striking features
a: no special abilities


You were on level 1 of the Dungeon.
You visited 1 branch of the dungeon, and saw 1 of its levels.

You collected 28 gold pieces.

Inventory:

Hand Weapons
 a - a +0 dagger (weapon)
Armour
 b - a +0 robe (worn)
 c - a +0 hat (worn)
Potions
 d - a potion of magic
 e - a potion of flight {unknown}
 f - a potion of mutation {unknown}


   Skills:
 + Level 2.6 Dodging
 * Level 2.7 Stealth
 * Level 5.0 Spellcasting
 + Level 1.1 Conjurations
 + Level 1.1 Summonings
 + Level 1.1 Translocations


You had 10 spell levels left.
You knew the following spells:

 Your Spells              Type           Power      Damage    Failure   Level
a - Magic Dart            Conj           32%        1d4       9%          1

Your spell library contained the following spells:

 Spells                   Type           Power      Damage    Failure   Level
 Apportation              Tloc           16%        N/A       9%          1
 Summon Small Mammal      Summ           32%        N/A       9%          1
 Necrotise                Necr           16%        1d4       13%         1
 Slow                     Hex            16%        N/A       13%         1
 Blink                    Tloc           16%        N/A       13%         2
 Call Imp                 Summ           8%         N/A       13%         2
 Conjure Flame            Conj/Fire      6%         6-21      32%         3
 Mephitic Cloud           Conj/Pois/Air  5%         N/A       34%         3


Dungeon Overview and Level Annotations

Branches:
Dungeon (1/15)

Altars:


Message History

The kobold hits you with a +0 club.
Unknown command.
The kobold throws a stone.
The stone hits you but does no damage.
Your magical contamination has completely faded away.
The kobold throws a stone.
The stone barely misses you.
The kobold throws a stone.
The stone barely misses you. The hobgoblin attacks as you move away!
The hobgoblin misses you. The hobgoblin attacks as you move away!
The hobgoblin barely misses you. The hobgoblin attacks as you move away!
The hobgoblin hits you but does no damage.
The hobgoblin attacks as you move away! The hobgoblin closely misses you.
The hobgoblin attacks as you move away! The hobgoblin closely misses you.
The hobgoblin attacks as you move away! The hobgoblin barely misses you.
The hobgoblin attacks as you move away! The hobgoblin hits you.
The hobgoblin attacks as you move away! The hobgoblin hits you.
The hobgoblin attacks as you move away! The hobgoblin closely misses you.
The hobgoblin attacks as you move away! The hobgoblin hits you.
The hobgoblin attacks as you move away! The hobgoblin misses you.
The hobgoblin attacks as you move away! The hobgoblin hits you.
The hobgoblin attacks as you move away! The hobgoblin hits you.
* * * LOW HITPOINT WARNING * * *
The hobgoblin attacks as you move away! The hobgoblin barely misses you.
Casting: Magic Dart (safe; 9% risk of failure)
Confirm with . or Enter, or press ? or * to list all spells.
Aiming: Magic Dart (safe; 9% risk of failure)
Press: ? - help, Shift-Dir - straight line, f/p - kobold
Aim: a kobold, wielding a +0 club and quivering stones (100% to hit)
The magic dart hits the hobgoblin.
The hobgoblin is heavily wounded.
The hobgoblin closely misses you.
Unknown command.
Casting: Magic Dart (safe; 9% risk of failure)
Confirm with . or Enter, or press ? or * to list all spells.
Aiming: Magic Dart (safe; 9% risk of failure)
Press: ? - help, Shift-Dir - straight line, f/p - kobold
Aim: a kobold, wielding a +0 club and quivering stones (100% to hit)
You miscast Magic Dart.
You are very lightly contaminated with residual magic.
Nothing appears to happen.
The hobgoblin hits you.
You die...

..P♣.#.###.##....#
#†#
...♣.#.#.........#
#.#
P..♣...#.#.......#
#.#
♣♣♣....#.####....#
#.#
.....#.#.#..'....#
#.#
.......#.#.##....#
##.#
########...##....#
######..#
#############..K.#
#......##
...............g@#
#.######
############.#####
###.# #.# #...#
#.# #.###
############.#
##.#
.............#
#..#
###########..#
#.## .#
#..######'########
.#
#................#


You could see a hobgoblin and a kobold.

Vanquished Creatures
  2 bats (D:1)
  An endoplasm (D:1)
  A giant cockroach (D:1)
  2 goblins (D:1)
  A hobgoblin (D:1)
  A quokka (D:1)
  A frilled lizard (D:1)
  A kobold (D:1)
  A rat (D:1)
11 creatures vanquished.

Notes
Turn   | Place    | Note
-------+----------+-------------------------------------------
     0 | D:1      | GobsWane the Deep Elf Hedge Wizard began the quest for the
                  | Orb.
     0 | D:1      | Reached XP level 1. HP: 10/10 MP: 7/7
  2013 | D:1      | Reached XP level 2. HP: 15/15 MP: 7/9
  2158 | D:1      | Reached skill level 5 in Spellcasting
  2743 | D:1      | Slain by a hobgoblin

Illustrated notes

Levels and vault maps discovered:
D:1:      scummos_arrival_checkerplants, layout_basic

Skill      XL: |  1  2 |
---------------+-------+-----
Spellcasting   | 5 |  5.0
Dodging        | |  2.6
Stealth        | |  2.7
Conjurations   | |  1.1
Summonings     | |  1.1
Translocations | |  1.1

Action                   || total
-------------------------++-------
Melee: Dagger            ||     3
 Cast: Magic Dart        ||    31
 Stab: Sleeping          ||     2
Armor: Robe              ||     4
Dodge: Dodged            ||    22
